AoeStats
← PABLO ESCOBAR GAVIRIA

Four Lakes

509713627Analyzed
1v1 RM · 5d ago on Sep 27, 2026· 32m 18s· 2 players
Game mode
Random Map
Map size
Tiny (2 player)
Population
200
Speed
Normal
Resources
Standard
Victory
Conquest
Starting age
Dark Age
Ending age
Imperial Age
RankedLock teamsTeams togetherTeam positionsShared explorationLock speedFull tech treeHidden civsTurbo modeCheats
Victory
Defeat
929
+17
🇬🇷 Italians · Greece
948
-17
PABLO ESCOBAR GAVIRIA
2:33 Loom
11:47 Feudal Age
12:24 Double-Bit Axe
15:04 Gold Mining
18:29 Castle Age
17:19 Stone Mining
19:43 Bow Saw
23:02 Gold Shaft Mining
23:03 Stone Shaft Mining
29:47 Imperial Age
27:55 Wheelbarrow
27:30 Padded Archer Armor
27:21 Fletching
30:05 Hand Cart
33:01 Conscription
parosseh
5:34 Loom
11:44 Feudal Age
17:23 Fishing Lines
19:47 Castle Age
19:51 Double-Bit Axe
19:49 Horse Collar
23:01 Town Watch
24:41 Bloodlines
27:21 Redemption
32:39 Imperial Age
30:58 Gillnets
31:23 Masonry
32:20 Fletching
Connection lost

Rejoining the realm…

Still unreachable

The connection could not be restored.

Session expired

The server has moved on; the page needs a fresh start.